SNL (28 & UNDER)
NEW HAMPSHIRE FISHER CATS @ MONTGOMERY BISCUITS
09/22/2025
 
TOP OF THE 1ST
New Hampshire Fisher Cats batting - Pitching for Montgomery Biscuits : RHP Scott Walker
Pitching: RHP Scott Walker
Batting: LHB Wilson Torres 0-0: Ball
1-0: Ball
2-0: Foul Ball, location: 2F
2-1: SINGLE (Line Drive, 8RS)
Batting: LHB Cam Flowers 0-0: Ball
1-0: Foul Ball, location: 2F
1-1: Ball
2-1: Ball
3-1: Swinging Strike
3-2: Foul Ball, location: 2F
3-2: DOUBLE (Flyball, 89M)
Wilson Torres to third
Wilson Torres scores
Batting: RHB Felipe Rivas 0-0: SINGLE (Line Drive, 4M)
Cam Flowers to third
Batting: RHB Benjamin Lawson 0-0: Ball
1-0: Foul Ball, location: 2F
1-1: Ball
2-1: Fly out, F8 (Flyball, 8RM)
Runner from 3rd tags up, OUT at HOME
Felipe Rivas to second
Batting: LHB Héctor Rentería 0-0: Called Strike
0-1: Ball
1-1: Swinging Strike
1-2: Ball
2-2: Foul Ball, location: 2F
2-2: Strikes out swinging
Top of the 1st over - 1 run(s), 3 hit(s), 0 error(s), 1 left on base; New Hampshire 1 - Montgomery 0
BOTTOM OF THE 1ST
Montgomery Biscuits batting - Pitching for New Hampshire Fisher Cats : LHP Sergio Vargas
Pitching: LHP Sergio Vargas
Batting: RHB Carlos Vásquez 0-0: Ball
1-0: SINGLE (Line Drive, 4D)
Batting: RHB Warren Martin 0-0: Ball
1-0: Ball
2-0: Swinging Strike
2-1: Swinging Strike
2-2: Fielders Choice at 2nd, 1-4 (Groundball, 15)
Batting: RHB Pete Smith 0-0: Ball
1-0: Ball
2-0: Ball
3-0: Called Strike
3-1: Foul Ball, location: 2F
3-2: Strikes out looking
Batting: RHB Juan Díaz 0-0: Ball
1-0: Ball
2-0: SINGLE (Line Drive, 56)
Warren Martin to second
Batting: LHB Curt Walker 0-0: Ball
1-0: Ball
2-0: Foul Ball, location: 2F
2-1: TRIPLE (Groundball, 3L)
Warren Martin scores
Juan Díaz scores
Batting: RHB Peyton Yardley 0-0: Swinging Strike
0-1: Fly out, F9 (Flyball, 9M)
Bottom of the 1st over - 2 run(s), 3 hit(s), 0 error(s), 1 left on base; New Hampshire 1 - Montgomery 2
TOP OF THE 2ND
New Hampshire Fisher Cats batting - Pitching for Montgomery Biscuits : RHP Scott Walker
Batting: LHB Tony Rivera 0-0: Ball
1-0: Called Strike
1-1: Ball
2-1: Ball
3-1: Swinging Strike
3-2: Base on Balls
Batting: RHB Darwin Crane 0-0: Ball
1-0: Ball
2-0: Swinging Strike
2-1: Swinging Strike
2-2: Foul Ball, location: 2F
2-2: Strikes out swinging
Batting: RHB Franklin Lawrence 0-0: SINGLE (Groundball, 4M)
Tony Rivera to second
Batting: RHB Tim Robertson 0-0: Ball
1-0: Swinging Strike
1-1: Grounds into double play, U4-3 (Groundball, 4M)
Top of the 2nd over - 0 run(s), 1 hit(s), 0 error(s), 1 left on base; New Hampshire 1 - Montgomery 2
BOTTOM OF THE 2ND
Montgomery Biscuits batting - Pitching for New Hampshire Fisher Cats : LHP Sergio Vargas
Batting: RHB Raúl Alejándrez 0-0: Foul Ball, location: 2F
0-1: Ball
1-1: Swinging Strike
1-2: Ball
2-2: Strikes out looking
Batting: SHB Jack Estes 0-0: Ball
1-0: Ball
2-0: SINGLE (Line Drive, 89M)
Batting: SHB Tony Echevarría 0-0: Called Strike
0-1: Ball
1-1: Ball
2-1: Called Strike
2-2: Ball
3-2: Foul Ball, location: 2F
3-2: Strikes out swinging
Jack Estes steals 2nd base
Batter strikes out.
Batting: RHB Carlos Vásquez 0-0: 2-RUN HOME RUN (Flyball, 7D), Distance : 379 ft
Batting: RHB Warren Martin 0-0: Ball
1-0: SOLO HOME RUN (Flyball, 7D), Distance : 368 ft
Batting: RHB Pete Smith 0-0: Swinging Strike
0-1: Ball
1-1: Ball
2-1: DOUBLE (Line Drive, 7LD)
Batting: RHB Juan Díaz 0-0: Swinging Strike
0-1: Fly out, F8 (Flyball, 8LXD)
Bottom of the 2nd over - 3 run(s), 4 hit(s), 0 error(s), 1 left on base; New Hampshire 1 - Montgomery 5
TOP OF THE 3RD
New Hampshire Fisher Cats batting - Pitching for Montgomery Biscuits : RHP Scott Walker
Batting: LHB Wilson Torres 0-0: DOUBLE (Flyball, 89XD)
Batting: LHB Cam Flowers 0-0: Ground out 4-3 (Groundball, 4)
Wilson Torres to third
Batting: RHB Felipe Rivas 0-0: Called Strike
0-1: Ball
1-1: Ball
2-1: Ball
3-1: Called Strike
3-2: Foul Ball, location: 2F
3-2: Strikes out swinging
Batting: RHB Benjamin Lawson 0-0: Called Strike
0-1: Swinging Strike
0-2: Foul Ball, location: 2F
0-2: Foul Ball, location: 2F
0-2: Foul Ball, location: 2F
0-2: Ball
1-2: Strikes out swinging
Top of the 3rd over - 0 run(s), 1 hit(s), 0 error(s), 1 left on base; New Hampshire 1 - Montgomery 5
BOTTOM OF THE 3RD
Montgomery Biscuits batting - Pitching for New Hampshire Fisher Cats : LHP Sergio Vargas
Batting: LHB Curt Walker 0-0: Ball
1-0: Called Strike
1-1: Ball
2-1: Foul Ball, location: 2F
2-2: Ball
3-2: Foul Ball, location: 2F
3-2: Foul Ball, location: 2F
3-2: SINGLE (Line Drive, 56)
Batting: RHB Peyton Yardley 0-0: Ball
1-0: Ball
2-0: Ball
3-0: Base on Balls
Curt Walker to second
Batting: RHB Raúl Alejándrez 0-0: DOUBLE (Line Drive, 78D)
Curt Walker scores
Peyton Yardley to third
Batting: SHB Jack Estes 0-0: Ball
1-0: Called Strike
1-1: Foul Ball, location: 2F
1-2: Foul Ball, location: 2F
1-2: Strikes out swinging
Batting: SHB Tony Echevarría 0-0: Ground out 5-3 (Groundball, 6S)
Peyton Yardley scores
Raúl Alejándrez to third
Batting: RHB Carlos Vásquez 0-0: Foul Ball, location: 2F
0-1: Fly out, F6 (Line Drive, 56)
Bottom of the 3rd over - 2 run(s), 2 hit(s), 0 error(s), 1 left on base; New Hampshire 1 - Montgomery 7
TOP OF THE 4TH
New Hampshire Fisher Cats batting - Pitching for Montgomery Biscuits : RHP Scott Walker
Batting: LHB Héctor Rentería 0-0: Called Strike
0-1: SINGLE (Flyball, 89S)
Batting: LHB Tony Rivera 0-0: Called Strike
Héctor Rentería steals 2nd base
0-1: Called Strike
0-2: Ball
1-2: Ball
2-2: Ball
3-2: Foul Ball, location: 2F
3-2: Base on Balls
Batting: RHB Darwin Crane 0-0: Ball
1-0: Called Strike
1-1: Foul Ball, location: 2F
1-2: Ball
2-2: Grounds into double play, U5-3 (Groundball, 5L)
Tony Rivera to second
Batting: RHB Franklin Lawrence 0-0: Called Strike
0-1: Foul Ball, location: 2F
0-2: Ball
1-2: Hit by Pitch
Batting: RHB Tim Robertson 0-0: Foul Ball, location: 2F
0-1: Ball
1-1: Ball
2-1: Ball
3-1: Foul Ball, location: 2F
Single, Error in OF, E8, batter to second base
Tony Rivera scores
Franklin Lawrence to third
Batting: LHB Wilson Torres 0-0: Called Strike
0-1: Called Strike
0-2: Foul Ball, location: 2F
0-2: Ground out 4-3 (Groundball, 4)
Top of the 4th over - 1 run(s), 2 hit(s), 1 error(s), 2 left on base; New Hampshire 2 - Montgomery 7
BOTTOM OF THE 4TH
Montgomery Biscuits batting - Pitching for New Hampshire Fisher Cats : LHP Sergio Vargas
Batting: RHB Warren Martin 0-0: Called Strike
0-1: Foul Ball, location: 2F
0-2: Ball
1-2: Ball
2-2: Ball
3-2: Strikes out looking
Batting: RHB Pete Smith 0-0: Ball
1-0: Ball
2-0: Called Strike
2-1: Called Strike
2-2: Ball
3-2: Base on Balls
Batting: RHB Juan Díaz 0-0: Called Strike
0-1: Fly out, F6 (Line Drive, 6)
Batting: LHB Curt Walker 0-0: Called Strike
0-1: Ball
1-1: Foul Ball, location: 2F
1-2: Ground out 6-3 (Groundball, 6)
Bottom of the 4th over - 0 run(s), 0 hit(s), 0 error(s), 1 left on base; New Hampshire 2 - Montgomery 7
TOP OF THE 5TH
New Hampshire Fisher Cats batting - Pitching for Montgomery Biscuits : RHP Scott Walker
Batting: LHB Cam Flowers 0-0: Foul Ball, location: 2F
0-1: Ball
1-1: Foul Ball, location: 2F
1-2: Foul Ball, location: 2F
1-2: Foul Ball, location: 2F
1-2: Ground out 1-3 (Groundball, 15)
Batting: RHB Felipe Rivas 0-0: Called Strike
0-1: Called Strike
0-2: Ground out 5-3 (Groundball, 5L)
Batting: RHB Benjamin Lawson 0-0: Ball
1-0: Foul Ball, location: 2F
1-1: Ball
2-1: Swinging Strike
2-2: Foul Ball, location: 2F
2-2: Foul Ball, location: 2F
2-2: Ball
3-2: Foul Ball, location: 2F
3-2: Foul Ball, location: 2F
3-2: Strikes out swinging
Top of the 5th over - 0 run(s), 0 hit(s), 0 error(s), 0 left on base; New Hampshire 2 - Montgomery 7
BOTTOM OF THE 5TH
Montgomery Biscuits batting - Pitching for New Hampshire Fisher Cats : LHP Sergio Vargas
Batting: RHB Peyton Yardley 0-0: Fly out, F3 (Popup, 4S)
Batting: RHB Raúl Alejándrez 0-0: Ball
1-0: Called Strike
1-1: Ball
2-1: Foul Ball, location: 2F
2-2: Ball
3-2: Strikes out looking
Batting: SHB Jack Estes 0-0: Swinging Strike
0-1: Ball
1-1: Called Strike
1-2: Ball
2-2: Strikes out swinging
Bottom of the 5th over - 0 run(s), 0 hit(s), 0 error(s), 0 left on base; New Hampshire 2 - Montgomery 7
TOP OF THE 6TH
New Hampshire Fisher Cats batting - Pitching for Montgomery Biscuits : RHP Scott Walker
Pitching: RHP Rick Grant
Batting: LHB Héctor Rentería 0-0: Fly out, F7 (Flyball, 78M)
Batting: LHB Tony Rivera 0-0: Foul Ball, location: 2F
0-1: SINGLE (Line Drive, 34D)
Batting: RHB Darwin Crane 0-0: Ball
1-0: Called Strike
1-1: Ball
Wild Pitch!
Tony Rivera to second
2-1: Foul Ball, location: 2F
2-2: Strikes out swinging
Batting: RHB Franklin Lawrence 0-0: Ball
1-0: Ball
2-0: Fly out, F8 (Flyball, 8RM)
Top of the 6th over - 0 run(s), 1 hit(s), 0 error(s), 1 left on base; New Hampshire 2 - Montgomery 7
BOTTOM OF THE 6TH
Montgomery Biscuits batting - Pitching for New Hampshire Fisher Cats : LHP Sergio Vargas
Pitching: LHP Artie Nelson
Batting: SHB Tony Echevarría 0-0: Called Strike
0-1: Called Strike
0-2: Strikes out looking
Batting: RHB Carlos Vásquez 0-0: Ball
1-0: Ball
2-0: Ball
3-0: Called Strike
3-1: Base on Balls
Batting: RHB Warren Martin 0-0: Ball
1-0: Foul Ball, location: 2F
1-1: Called Strike
1-2: Foul Ball, location: 2F
1-2: Strikes out swinging
Batting: RHB Pete Smith 0-0: Ball
Carlos Vásquez is caught stealing 2nd base
Bottom of the 6th over - 0 run(s), 0 hit(s), 0 error(s), 0 left on base; New Hampshire 2 - Montgomery 7
TOP OF THE 7TH
New Hampshire Fisher Cats batting - Pitching for Montgomery Biscuits : RHP Rick Grant
Batting: RHB Tim Robertson 0-0: Foul Ball, location: 2F
0-1: Swinging Strike
0-2: Ball
1-2: Ball
2-2: Ball
3-2: Foul Ball, location: 2F
3-2: DOUBLE (Line Drive, 9LM)
Batting: LHB Wilson Torres 0-0: Ball
1-0: Ball
2-0: Called Strike
2-1: Ball
3-1: Base on Balls
Batting: LHB Cam Flowers 0-0: Ball
1-0: Swinging Strike
1-1: Ball
2-1: Ball
3-1: Foul Ball, location: 2F
3-2: Foul Ball, location: 2F
3-2: Foul Ball, location: 2F
3-2: Base on Balls
Tim Robertson to third
Wilson Torres to second
Batting: RHB Felipe Rivas 0-0: Foul Ball, location: 2F
0-1: Swinging Strike
0-2: Fly out, F8 (Flyball, 8RS)
Batting: RHB Benjamin Lawson 0-0: Ball
1-0: Called Strike
1-1: Ball
2-1: Swinging Strike
2-2: Ball
3-2: Base on Balls
Tim Robertson scores
Wilson Torres to third
Cam Flowers to second
Batting: LHB Héctor Rentería 0-0: Fly out, F9 (Flyball, 9S)
Batting: LHB Tony Rivera 0-0: Ball
1-0: Called Strike
1-1: Foul Ball, location: 2F
1-2: Foul Ball, location: 2F
1-2: Strikes out swinging
Top of the 7th over - 1 run(s), 1 hit(s), 0 error(s), 3 left on base; New Hampshire 3 - Montgomery 7
BOTTOM OF THE 7TH
Montgomery Biscuits batting - Pitching for New Hampshire Fisher Cats : LHP Artie Nelson
Batting: RHB Pete Smith 0-0: Called Strike
0-1: Foul Ball, location: 2F
0-2: Ground out 5-3 (Groundball, 5S)
Batting: RHB Juan Díaz 0-0: Called Strike
0-1: Ball
1-1: Called Strike
1-2: Strikes out swinging
Batting: LHB Curt Walker 0-0: Ball
1-0: SINGLE (Line Drive, 34D)
Pitching: RHP Dave Hammond
Batting: RHB Peyton Yardley 0-0: Called Strike
0-1: Fly out, F9 (Flyball, 89S)
Bottom of the 7th over - 0 run(s), 1 hit(s), 0 error(s), 1 left on base; New Hampshire 3 - Montgomery 7
TOP OF THE 8TH
New Hampshire Fisher Cats batting - Pitching for Montgomery Biscuits : RHP Rick Grant
Pitching: RHP Félix Andrade
Batting: RHB Darwin Crane 0-0: Foul Ball, location: 2F
0-1: Ball
1-1: Ground out 6-3 (Groundball, 6)
Batting: RHB Franklin Lawrence 0-0: Ball
1-0: Ball
2-0: Ball
3-0: Base on Balls
Batting: RHB Tim Robertson 0-0: DOUBLE (Line Drive, 3D)
Franklin Lawrence to third
Batting: LHB Wilson Torres 0-0: Called Strike
0-1: Ball
1-1: Ball
2-1: Swinging Strike
2-2: 3-RUN HOME RUN (Flyball, 89XD), Distance : 395 ft
Pitching: RHP Jim Baker
Batting: LHB Cam Flowers 0-0: Called Strike
0-1: Foul Ball, location: 2F
0-2: Ball
1-2: Strikes out swinging
Pitching: RHP Jeffrey Stephens
Batting: RHB Felipe Rivas 0-0: Called Strike
0-1: Foul Ball, location: 2F
0-2: Ball
1-2: Ground out 4-3 (Groundball, 4)
Top of the 8th over - 3 run(s), 2 hit(s), 0 error(s), 0 left on base; New Hampshire 6 - Montgomery 7
BOTTOM OF THE 8TH
Montgomery Biscuits batting - Pitching for New Hampshire Fisher Cats : RHP Dave Hammond
Batting: RHB Raúl Alejándrez 0-0: Ball
1-0: Ball
2-0: Ball
3-0: Base on Balls
Batting: SHB Jack Estes 0-0: Bunted foul
0-1: Ball
1-1: Bunt missed!
1-2: Ball
Error on foul ball, E3
2-2: Fly out, F7 (Flyball, 7M)
Batting: SHB Tony Echevarría 0-0: Called Strike
0-1: Ball
1-1: Ball
2-1: 2-RUN HOME RUN (Flyball, 89XD), Distance : 414 ft
Batting: RHB Carlos Vásquez 0-0: Ball
1-0: Ball
2-0: Called Strike
2-1: Ball
3-1: Base on Balls
Pitching: RHP Ron Scott
Batting: RHB Warren Martin 0-0: Ball
1-0: Ball
2-0: Called Strike
2-1: Foul Ball, location: 2F
2-2: Foul Ball, location: 2F
2-2: Fly out, F6 (Popup, 6M)
Batting: RHB Pete Smith 0-0: Swinging Strike
0-1: Ball
1-1: Ball
2-1: Called Strike
Carlos Vásquez is caught stealing 2nd base
Bottom of the 8th over - 2 run(s), 1 hit(s), 1 error(s), 0 left on base; New Hampshire 6 - Montgomery 9
TOP OF THE 9TH
New Hampshire Fisher Cats batting - Pitching for Montgomery Biscuits : RHP Jeffrey Stephens
Pitching: LHP Steve Billington
Now at 2B: Dave Williams
Batting: RHB Benjamin Lawson 0-0: Called Strike
0-1: Foul Ball, location: 2F
0-2: Foul Ball, location: 2F
0-2: Strikes out looking
Batting: LHB Héctor Rentería 0-0: Ball
1-0: Ball
2-0: Ball
3-0: Base on Balls
Batting: LHB Tony Rivera 0-0: Called Strike
0-1: Ball
1-1: Ball
2-1: Foul Ball, location: 2F
2-2: Hit by Pitch
Héctor Rentería to second
Batting: RHB Darwin Crane 0-0: Ball
1-0: Grounds into double play, 6-4-3 (Groundball, 6)
Top of the 9th over - 0 run(s), 0 hit(s), 0 error(s), 1 left on base; New Hampshire 6 - Montgomery 9
This league is powered by Out of the Park Baseball, the baseball management simulation game for PC, Mac and Linux
Tuesday, August 2nd, 2016 - OOTP Baseball 16.8 Build 38